 Dungeon Crawl Stone Soup version 0.14-a0-1613-gd720e3e (webtiles) character file.

20817 Piginabag the Grappler (level 12, 0/154 (157) HPs)
             Began as a Demonspawn Monk on Dec 25, 2013.
             Was an Elder of Okawaru.
             Succumbed to an orc's poison
             ... on Level 10 of the Dungeon.
             The game lasted 01:20:48 (23467 turns).

Piginabag the Grappler (Demonspawn Monk)           Turns: 23467, Time: 01:20:48

HP   0/154 (157) AC 18     Str 26      XL: 12   Next: 33%
MP  28/31        EV  8     Int 16      God: Okawaru [****..]
Gold 1721        SH 12     Dex 17      Spells:  0 memorised, 11 levels left

rFire  + + .     SeeInvis .       - Unarmed
rCold  . . .     Clarity  .     R - +0 plate armour
rNeg   . . .     Conserve .     m - +0 buckler
rPois  .         rCorr    .     (helmet unavailable)
rElec  .         rRot     .     (no cloak)
SustAb . .       Spirit   .     O - +1 pair of gloves of Mobun {rF++ Curse}
rMut   .         Warding  .     (no boots)
Saprov + . .     Stasis   .     (no amulet)
                                h - ring of protection from magic
                                u - ring of Stoplaz {+Blink +Inv +Fly MP+9 Str+2 Int+4}

@: berserking, very poisoned, very quick, quite resistant to hostile
enchantments, extremely unstealthy
A: horns 3, rugged brown scales 2, agile 1, deterioration 1, nightstalker 1,
robust 1, saprovore 1, strong 1
a: Heroism, Renounce Religion, Evoke Blink, Evoke Invisibility, Evoke Flight


You were on level 10 of the Dungeon.
You worshipped Okawaru.
Okawaru was greatly pleased with you.
You were hungry.

You visited 3 branches of the dungeon, and saw 16 of its levels.

You collected 2125 gold pieces.
You spent 404 gold pieces at shops.

Inventory:

Hand weapons
 H - the +8,+3 dagger of Foul Odors {drain, rC+}
   (You found it on level 8 of the Dungeon)

   A truly terrible weapon, it drains the life of those it strikes.
   It protects you from cold.
 L - a +0 blowgun
Missiles
 G - 2 needles of sleeping
 K - 7 needles of paralysis
 M - 8 poisoned needles
 W - 8 needles of frenzy
Armour
 m - a +0 buckler (worn)
 p - a +1 scale mail
 s - a -2 cloak
 O - the +1 pair of gloves of Mobun (worn) {rF++ Curse}
   (You found it on level 8 of the Dungeon)

   It greatly protects you from fire.
   It may recurse itself.
 R - a +0 plate armour (worn)
Magical devices
 b - a wand of random effects (8) {unknown}
 i - a wand of lightning (5) {unknown}
 y - a wand of random effects (10) {unknown}
 P - a wand of fireball (4) {unknown}
 U - a wand of enslavement (6) {unknown}
 V - a wand of magic darts (2)
Comestibles
 k - 21 grapes
 z - 3 meat rations
 F - an apple
 I - 4 bread rations
 J - 6 beef jerkies
 X - 6 sultanas
Scrolls
 c - 2 scrolls of magic mapping
 d - a scroll of enchant armour
 f - 3 scrolls of remove curse
 g - 5 scrolls of teleportation
 o - a scroll of curse weapon {unknown}
 q - a scroll of enchant weapon II
 v - 2 scrolls of amnesia
 x - 4 scrolls of fog
 D - a scroll of enchant weapon I
Jewellery
 h - a ring of protection from magic (right hand)
 l - a +1 ring of strength {unknown}
 n - an uncursed ring of flight {unknown}
 t - an uncursed amulet of conservation {unknown}
 u - the ring of Stoplaz (left hand) {+Blink +Inv +Fly MP+9 Str+2 Int+4}
   (You found it on level 11 of the Dungeon)

   [ring of magical power]

   It affects your strength (+2).
   It affects your intelligence (+4).
   It lets you turn invisible.
   It lets you fly.
   It lets you blink.
 w - an uncursed ring of protection from magic
 E - an uncursed ring of wizardry {unknown}
Potions
 a - 3 potions of restore abilities
 j - 2 potions of flight
 r - a potion of might {unknown}
 C - a potion of brilliance {unknown}
 N - a potion of beneficial mutation {unknown}
 Q - a potion of paralysis {unknown}
 T - a potion of agility {unknown}
Books
 B - a book of Frost

   Spells                             Type                      Level
   Freeze                             Ice                          1
   Throw Frost                        Conjuration/Ice              2
   Ozocubu's Armour                   Charms/Ice                   3
   Throw Icicle                       Conjuration/Ice              4
   Summon Ice Beast                   Ice/Summoning                4
   Condensation Shield                Ice                          4


   Skills:
 + Level 7.9 Fighting
 + Level 9.1 Armour
 + Level 9.0 Dodging
 + Level 3.9 Stealth
 + Level 6.5 Shields
 + Level 9.9 Unarmed Combat
 + Level 6.5 Invocations


You had 11 spell levels left.
You didn't know any spells.

Dungeon Overview and Level Annotations

Branches:
Dungeon (11/16)            Temple (1/1) D:4             Orc (4/4) D:10
    Elf (0/3) Orc:4          Lair (0/8) D:11

Altars:
Ashenzari
Cheibriados
Elyvilon
Fedhas
Kikubaaqudgha
Makhleb
Nemelex Xobeh
Okawaru
Sif Muna
Trog
Vehumet
Xom
Yredelemnul
Zin
the Shining One

Shops:
D:8 [   D:11 [   Orc:3 !

Annotations:
D:4 Pikel
D:7 Eustachio
D:9 Erolcha


Innate Abilities, Weirdness & Mutations

You have a pair of large horns on your head.
You are mostly covered in rugged brown scales (AC +2, +5% HP).
You are slightly more attuned to the shadows.
You can tolerate rotten meat.
You are agile. (Dex +2)
Your body is slowly deteriorating.
You are robust (+10% HP).
Your muscles are strong. (Str +2)


Message History

You feel very sick.
You feel a little better.
You start resting.
* * * LOW HITPOINT WARNING * * *
You feel sick.
You start resting.
* * * LOW HITPOINT WARNING * * *
You feel sick.
Drink which item? (? for menu, Esc to quit)
You feel extremely strange.
You feel less energetic.
You feel more energetic.
You feel yourself wasting away.
* * * LOW HITPOINT WARNING * * *
You feel very sick.
You feel a little better.
Drink which item? (? for menu, Esc to quit)
A red film seems to cover your vision as you go berserk!
You feel yourself moving faster!
You feel mighty!
It was a potion of berserk rage.
You die...

#.#.#.#....#
###'####...##############
#.....#....'............#
#####.##...#####........#
#.%.≈.#....# #........#
#.######...# #........#
#.....#....# #........#
###'####...# #.######.#########
#.#.#.#....# #@))..............
.........#######.######.#########
....#.........((.#.####.#########
....#.##########(#...............
....#.# #.#.####.#########
...(#.# #.#....#)# ....#'####
#.####.#.# .........# #.# #.#[#
.........##### #.# #.#.#


There were no monsters in sight!

Vanquished Creatures
  A hydra (D:10)
  A centaur warrior (D:9)
  A hill giant (D:10)
  2 orc knights (Orc:4)
  2 orc sorcerers
  A fire drake (D:10)
  A komodo dragon (D:10)
  A two-headed ogre (D:10)
  2 trolls
  A trapdoor spider zombie (D:10)
  A slime creature (D:8)
  A trapdoor spider (D:10)
  A hungry ghost (D:7)
  A wraith (D:10)
  2 wyverns
  18 yaks (D:10)
  Grum (Orc:1)
  3 hippogriffs
  A porcupine (D:10)
  4 wolves (Orc:1)
  2 manticores (D:9)
  A necrophage (D:9)
  2 ice beasts
  25 orc warriors
  3 sky beasts
  A black bear (D:10)
  8 centaurs
  13 ogres
  5 phantoms
  A crocodile (D:11)
  2 wargs
  A giant slug (D:10)
  A water moccasin (D:9)
  3 giant frogs
  An agate snail (D:11)
  A cyclops zombie (D:10)
  A cyclops skeleton (D:10)
  7 killer bees (D:10)
  A manticore skeleton (D:9)
  A troll skeleton (D:9)
  4 crimson imps
  A jelly (D:5)
  A quasit (D:7)
  A yellow wasp zombie (D:7)
  4 hounds
  A goliath beetle (D:10)
  34 orc priests
  6 iguanas
  3 scorpions
  11 worker ants
  28 orc wizards
  Ijyb (D:7)
  A hound zombie (D:10)
  A mummy (D:7)
  14 adders
  5 gnolls
  A green rat (D:10)
  2 giant centipedes
  2 giant mites (D:10)
  A worm (D:3)
  A scorpion zombie (D:8)
  2 adder skeletons
  A giant eyeball (D:8)
  9 giant geckos
  161 orcs
  18 bats
  7 giant cockroaches
  18 goblins
  19 hobgoblins
  7 quokkas
  3 ball pythons
  A giant cockroach zombie (D:6)
  A giant newt (D:1)
  A goblin skeleton (D:5)
  7 jackals
  17 kobolds
  An orc skeleton (D:9)
  17 rats
  24 ballistomycetes (D:10)
563 creatures vanquished.

Vanquished Creatures (others)
  A giant centipede zombie (D:7)
  A hobgoblin (Orc:2)
  9 giant spores (D:10)
  2 ballistomycetes (D:10)
  2 bushes (D:11)
  A fungus (D:11)
  6 plants (D:11)
22 creatures vanquished.

Grand Total: 585 creatures vanquished

Notes
Turn   | Place    | Note
--------------------------------------------------------------
     0 | D:1      | Piginabag, the Demonspawn Monk, began the quest for the Orb.
     0 | D:1      | Reached XP level 1. HP: 18/18 MP: 1/1
   385 | D:1      | Gained mutation: You have a pair of small horns on your head. [demonic ancestry]
   385 | D:1      | Reached XP level 2. HP: 21/24 MP: 2/2
   511 | D:1      | Reached skill level 4 in Unarmed Combat
  1024 | D:2      | Gained mutation: You have a pair of horns on your head. [demonic ancestry]
  1024 | D:2      | Reached XP level 3. HP: 27/29 MP: 3/3
  1693 | D:2      | Reached skill level 1 in Armour
  1693 | D:2      | Gained mutation: You have a pair of large horns on your head. [demonic ancestry]
  1693 | D:2      | Reached XP level 4. HP: 33/35 MP: 4/4
  1882 | D:3      | Found a blossoming altar of Fedhas.
  2720 | D:4      | Found a shimmering altar of Xom.
  2951 | D:4      | Reached XP level 5. HP: 28/41 MP: 5/5
  3495 | D:4      | Found a staircase to the Ecumenical Temple.
  3547 | Temple   | Entered the Ecumenical Temple
  3624 | Temple   | Became a worshipper of Warmaster Okawaru
  3624 | Temple   | Acquired Okawaru's first power
  3654 | D:4      | Noticed a centaur
  3665 | D:4      | Killed a centaur
  3665 | D:4      | Reached skill level 1 in Shields
  3665 | D:4      | Gained mutation: You are slightly more attuned to the shadows. [demonic ancestry]
  3665 | D:4      | Reached XP level 6. HP: 8/47 MP: 3/6
  4015 | D:4      | Noticed a slave
  4016 | D:4      | Noticed a slave
  4017 | D:4      | Noticed a slave
  4017 | D:4      | Noticed a slave
  4018 | D:4      | Noticed Pikel
  4104 | D:5      | Entered Level 5 of the Dungeon
  4393 | D:5      | HP: 2/47 [poisoned by a worker ant]
  5749 | D:5      | Reached skill level 1 in Invocations
  5749 | D:5      | Reached XP level 7. HP: 22/53 MP: 6/8
  7439 | D:6      | Reached skill level 5 in Dodging
  7439 | D:6      | Reached skill level 5 in Unarmed Combat
  7644 | D:6      | Gained mutation: You are partially covered in rugged brown scales (AC +1, +3% HP). [demonic ancestry]
  7644 | D:6      | Reached XP level 8. HP: 41/61 MP: 6/9
  7927 | D:6      | Found a burning altar of Makhleb.
  8015 | D:6      | Reached skill level 5 in Armour
  8780 | D:7      | Got a transparent dagger
  8862 | D:7      | Noticed Ijyb
  8881 | D:7      | Killed Ijyb
  9204 | D:6      | Reached skill level 6 in Dodging
  9204 | D:6      | Reached XP level 9. HP: 38/67 MP: 9/12
  9647 | D:7      | Noticed Eustachio
  9965 | D:8      | Found Tearuch's Antique Armour Boutique.
  9977 | D:8      | Bought a twisted ring mail for 216 gold pieces
  9994 | D:8      | Identified the +4 ring mail of the Evening {Str-4 Int+2} (You bought it in a shop on level 8 of the Dungeon)
 10021 | D:8      | Reached skill level 5 in Fighting
 10165 | D:8      | Got a pair of jewelled gloves
 10168 | D:8      | Identified the +1 pair of gloves of Mobun {rF++ Curse} (You found it on level 8 of the Dungeon)
 10189 | D:8      | Identified the +11,+7 dagger of the Depths {holy, rElec rF+ rC+ Str+1} (You found it on level 7 of the Dungeon)
 10219 | D:8      | Got a twisted dagger
 10220 | D:8      | Identified the +8,+3 dagger of Foul Odors {drain, rC+} (You found it on level 8 of the Dungeon)
 10318 | D:8      | Paralysed by a giant eyeball for 2 turns
 10427 | D:8      | Found a snail-covered altar of Cheibriados.
 10886 | D:9      | Noticed a centaur warrior
 11226 | D:9      | Reached skill level 7 in Unarmed Combat
 11507 | D:9      | Found a radiant altar of Vehumet.
 11564 | D:9      | Noticed Erolcha
 11849 | D:9      | Killed a centaur warrior
 11849 | D:9      | Gained mutation: You can tolerate rotten meat. [demonic ancestry]
 11849 | D:9      | Reached XP level 10. HP: 43/70 MP: 15/17
 11997 | D:10     | Entered Level 10 of the Dungeon
 12117 | D:10     | Found a staircase to the Orcish Mines.
 12126 | Orc:1    | Entered Level 1 of the Orcish Mines
 12130 | Orc:1    | Noticed Grum
 12149 | Orc:1    | Killed Grum
 13099 | Orc:2    | Reached skill level 8 in Unarmed Combat
 13424 | Orc:2    | Found a bloodstained altar of Trog.
 13937 | Orc:3    | Noticed an orc sorcerer
 13953 | Orc:2    | Killed an orc sorcerer
 13961 | Orc:2    | Acquired Okawaru's second power
 14076 | Orc:3    | Reached skill level 5 in Invocations
 14788 | Orc:3    | Found Clikhid's Distillery.
 14807 | Orc:3    | Bought a potion of heal wounds for 39 gold pieces
 14807 | Orc:3    | Bought 2 potions of heal wounds for 78 gold pieces
 14807 | Orc:3    | Bought a potion of invisibility for 71 gold pieces
 15365 | Orc:4    | Entered Level 4 of the Orcish Mines
 15441 | Orc:4    | Gained mutation: You are mostly covered in rugged brown scales (AC +2, +5% HP). [demonic ancestry]
 15441 | Orc:4    | Reached XP level 11. HP: 56/79 MP: 16/19
 15659 | Orc:4    | Reached skill level 5 in Shields
 15702 | Orc:4    | Found a staircase to the Elven Halls.
 15974 | Orc:4    | Found a deep blue altar of Sif Muna.
 16162 | Orc:4    | Noticed an orc sorcerer
 16173 | Orc:4    | Killed an orc sorcerer
 17186 | Orc:4    | Noticed an orc knight
 17644 | Orc:4    | Noticed an orc knight
 17702 | Orc:4    | Killed an orc knight
 18090 | Orc:4    | Reached skill level 9 in Unarmed Combat
 18114 | Orc:4    | Noticed an orc high priest
 18117 | Orc:4    | Noticed an ice devil
 18744 | D:10     | Noticed a four-headed hydra
 18773 | D:10     | Killed a four-headed hydra
 19391 | D:10     | Noticed a hill giant
 20934 | D:10     | Killed a hill giant
 21775 | D:10     | Reached XP level 12. HP: 65/93 MP: 20/22
 21898 | D:11     | Got a twitching glass ring
 21899 | D:11     | Found Bionoz Ehoe's Armour Shop.
 22621 | D:11     | Found a staircase to the Lair.
 23463 | D:10     | Gained mutation: You are robust (+10% HP). [potion of mutation]
 23463 | D:10     | Gained mutation: You are agile. (Dex +2) [potion of mutation]
 23463 | D:10     | Gained mutation: Your muscles are strong. (Str +2) [potion of mutation]
 23463 | D:10     | HP: 4/103 [poisoned by an orc]
 23466 | D:10     | Gained mutation: Your magical capacity is low (-10% MP). [potion of mutation]
 23466 | D:10     | Lost mutation: Your magical capacity is low (-10% MP). [potion of mutation]
 23466 | D:10     | Gained mutation: Your body is slowly deteriorating. [potion of mutation]
 23466 | D:10     | HP: 1/103 [poisoned by an orc]
 23467 | D:10     | Succumbed to an orc's poison

Action                   |  1- 3 |  4- 6 |  7- 9 | 10-12 || total
-------------------------+-------+-------+-------+-------++-------
Melee: Unarmed           |   136 |   248 |   554 |  1207 ||  2145
 Fire: Blowgun           |       |       |       |     1 ||     1
Invok: Heroism           |       |     3 |    20 |    51 ||    74
       Finesse           |       |       |       |     1 ||     1
  Use: Scroll            |       |    10 |     5 |    12 ||    27
       Potion            |       |     4 |     2 |     8 ||    14
 Stab: Sleeping          |     3 |     1 |     3 |       ||     7
       Distracted        |       |       |     1 |     1 ||     2
